 Dungeon Crawl Stone Soup version 0.26.1-11-gd32895ea62 (webtiles) character file.

Game seed: 6944361111625622649

77 ubername the Insei (level 4, -8/34 HPs)
             Began as a Gnoll Transmuter on June 22, 2021.
             Killed from afar by Ijyb (18 damage)
             ... with a bolt of acid
             ... on level 3 of the Dungeon.
             The game lasted 00:04:22 (2227 turns).

ubername the Insei (Gnoll Transmuter)               Turns: 2227, Time: 00:04:23

Health: -8/34      AC: -1    Str: 12    XL:     4   Next: 33%
Magic:  10/11      EV: 15    Int: 16    God:
Gold:   87         SH:  0    Dex: 16    Spells: 10/13 levels left

rFire    . . .     SeeInvis .   e - +2 dagger (protect)
rCold    . . .     Faith    .   (no shield)
rNeg     . . .     Spirit   .   a - +0 robe
rPois    .         Reflect  .   (helmet currently unavailable)
rElec    .         Harm     .   (no cloak)
rCorr    .         Rampage  .   (no gloves)
Will     .....                  (boots currently unavailable)
Stlth    ++........             (no amulet)
HPRegen  0.11/turn              (no ring)
MPRegen  0.12/turn              (no ring)

@: appendages, wereblooded (expiring), corroded
A: distributed training, fangs 1, horns 2, talons 2, strong nose
a: End Transformation


You were on level 3 of the Dungeon.
You had grown temporary horns.
You had grown temporary talons.
You visited 1 branch of the dungeon, and saw 3 of its levels.

You collected 87 gold pieces.

Inventory:

Hand Weapons
 c - a +0 dagger
 e - a +2 dagger of protection (weapon)
Missiles
 d - 48 stones
Armour
 a - a +0 robe (worn)
 b - a +0 ring mail
 m - a +0 buckler
Scrolls
 g - a scroll of blinking {unknown}
 h - a scroll of teleportation {unknown}
 j - a scroll of remove curse {unknown}
 k - a scroll of identify {unknown}
Potions
 f - a potion of cancellation {unknown}
 i - a potion of attraction {unknown}
 l - a potion of brilliance {unknown}


   Skills:
 + Level 2.7 Fighting
 + Level 1.1 Short Blades
 + Level 1.1 Long Blades
 + Level 1.1 Axes
 + Level 1.1 Maces & Flails
 + Level 1.1 Polearms
 + Level 1.1 Staves
 + Level 1.1 Slings
 + Level 1.1 Bows
 + Level 1.1 Crossbows
 + Level 1.1 Throwing
 + Level 1.1 Armour
 + Level 4.6 Dodging
 + Level 1.1 Stealth
 + Level 1.1 Shields
 + Level 6.6 Unarmed Combat
 + Level 5.0 Spellcasting
 + Level 0.8 Conjurations
 + Level 0.8 Hexes
 + Level 0.8 Summonings
 + Level 0.8 Necromancy
 + Level 0.8 Translocations
 + Level 3.8 Transmutations
 + Level 0.8 Fire Magic
 + Level 0.8 Ice Magic
 + Level 0.8 Air Magic
 + Level 0.8 Earth Magic
 + Level 0.8 Poison Magic
 + Level 1.2 Invocations
 + Level 1.1 Evocations


You had 10 spell levels left.
You knew the following spells:

 Your Spells              Type           Power        Failure   Level
a - Beastly Appendage     Tmut           32%          3%          1
b - Wereblood             Tmut           16%          4%          2

Your spell library contained the following spells:

 Spells                   Type           Power        Failure   Level
 Spider Form              Tmut/Pois      5%           17%         3
 Ice Form                 Ice/Tmut       11%          50%         4
 Blade Hands              Tmut           8%           65%         5


Dungeon Overview and Level Annotations

Branches:
Dungeon (3/15)

Altars:

Annotations:
D:3 Ijyb


Innate Abilities, Weirdness & Mutations

Your experience applies equally to all skills.
You have very sharp teeth.
Your uncanny sense of smell can sniff out nearby items.
You have a pair of horns on your head.
You have razor-sharp toenails.


Message History

Ijyb the Twisted Goblin comes into view.
She is wielding a +3 club and carrying a wand of acid (8).
An orc comes into view. It is wielding a +0 trident.
Your transformation is almost over.
Ijyb screams, "Me stronger than you!" 2 orcs come into view.
An orc is wielding a +2 hand axe of electrocution.
Your primal bloodlust is almost over.
Ijyb screams, "You nasty!
Big nasty!"
The orc shouts!
Ijyb zaps a wand.
The bolt of acid hits you!
Ouch! That really hurt!
The acid corrodes you!
You are splashed with acid!
* * * LOW HITPOINT WARNING * * *
Ijyb hits you but does no damage.
Casting: Beastly Appendage (safe; 3% risk of failure)
Confirm with . or Enter, or press ? or * to list all spells.
You extend your transformation's duration.
Ijyb zaps a wand.
The bolt of acid hits you!!
Ouch! That really hurt!
You die...

####### .....o. ......o
########## ...o...
#........#### ...o...
#............
.......####@...........
...........g...........
..###...##.............
.....####........#....
...### #?......##....
.. ##.......# ... .
.......#... ..
.....>...#...
.........##..


You could see Ijyb.

Vanquished Creatures
  A gnoll (D:1)
  3 adders (D:2)
  An ooze (D:1)
  2 dart slugs (D:1)
  3 leopard geckos
  A giant cockroach (D:1)
  2 goblins (D:1)
  2 hobgoblins
  6 kobolds
  2 ball pythons (D:1)
  3 bats
  3 frilled lizards
  5 rats
34 creatures vanquished.

Notes
Turn   | Place    | Note
-------+----------+-------------------------------------------
     0 | D:1      | ubername the Gnoll Transmuter began the quest for the Orb.
     0 | D:1      | Reached XP level 1. HP: 17/17 MP: 6/6
   131 | D:1      | Reached XP level 2. HP: 23/23 MP: 5/7
   773 | D:1      | Reached skill level 5 in Spellcasting
   773 | D:1      | Reached XP level 3. HP: 24/28 MP: 6/9
   983 | D:1      | Reached skill level 1 in Invocations
  1186 | D:2      | Reached skill level 1 in Short Blades
  1186 | D:2      | Reached skill level 1 in Long Blades
  1186 | D:2      | Reached skill level 1 in Axes
  1186 | D:2      | Reached skill level 1 in Maces & Flails
  1186 | D:2      | Reached skill level 1 in Polearms
  1186 | D:2      | Reached skill level 1 in Staves
  1186 | D:2      | Reached skill level 1 in Slings
  1186 | D:2      | Reached skill level 1 in Bows
  1186 | D:2      | Reached skill level 1 in Crossbows
  1186 | D:2      | Reached skill level 1 in Throwing
  1186 | D:2      | Reached skill level 1 in Armour
  1186 | D:2      | Reached skill level 1 in Stealth
  1186 | D:2      | Reached skill level 1 in Shields
  1186 | D:2      | Reached skill level 1 in Evocations
  1254 | D:2      | Reached XP level 4. HP: 29/34 MP: 9/11
  2190 | D:2      | Learned a level 2 spell: Wereblood
  2214 | D:3      | Noticed Ijyb
  2227 | D:3      | Killed from afar by Ijyb

Illustrated notes

Levels and vault maps discovered:
D:1:      onia_arrival_handbag, layout_basic, grunt_decor_mini_mirrors
D:2:      layout_loops_corners
D:3:      layout_rooms, nicolae_overflow_hidden_temple,
          nicolae_dithmenos_shadow_blocks, uniq_ijyb

Skill      XL: |  1  2  3 |
---------------+----------+-----
Spellcasting   | 5 |  5.0
Invocations    | 1 |  1.2
Short Blades   | 1 |  1.1
Long Blades    | 1 |  1.1
Axes           | 1 |  1.1
Maces & Flails | 1 |  1.1
Polearms       | 1 |  1.1
Staves         | 1 |  1.1
Slings         | 1 |  1.1
Bows           | 1 |  1.1
Crossbows      | 1 |  1.1
Throwing       | 1 |  1.1
Armour         | 1 |  1.1
Stealth        | 1 |  1.1
Shields        | 1 |  1.1
Evocations     | 1 |  1.1
Fighting       | |  2.7
Dodging        | |  4.6
Unarmed Combat | |  6.6
Conjurations   | |  0.8
Hexes          | |  0.8
Summonings     | |  0.8
Necromancy     | |  0.8
Translocations | |  0.8
Transmutations | |  3.8
Fire Magic     | |  0.8
Ice Magic      | |  0.8
Air Magic      | |  0.8
Earth Magic    | |  0.8
Poison Magic   | |  0.8

Action                   |  1- 3 |  4- 6 || total
-------------------------+-------+-------++-------
Melee: Unarmed           |    10 |       ||    10
       Kick              |    17 |     6 ||    23
       Punch             |     3 |     1 ||     4
       Dagger            |    46 |    35 ||    81
       Headbutt          |     9 |     5 ||    14
       Bite              |     3 |     3 ||     6
 Cast: Beastly Appendage |    19 |     8 ||    27
       Wereblood         |       |     1 ||     1
Armor: Robe              |     7 |    10 ||    17
Dodge: Dodged            |    47 |    31 ||    78
